 Dungeon Crawl Stone Soup version 0.32-a0-975-g85d4e5bfdb (webtiles) character file.

Game seed: 13307987348153239261

116109 jasper the Thaumaturge (level 17, -7/127 HPs)
             Began as a Djinni Conjurer on Apr 19, 2024.
             Was the Champion of Makhleb.
             Killed by angry trees
             ... awakened by a spriggan druid
              (17 damage)
             ... on level 3 of the Lair of Beasts.
             The game lasted 00:44:01 (23076 turns).

jasper the Thaumaturge (Djinni Conjurer)           Turns: 23076, Time: 00:44:02

Health: -7/127     AC: 12    Str:  6    XL:     17   Next: 25%
Gold:   3296       EV: 16    Int: 26    God:    Makhleb [******] SH: 12 Dex: 14

rFire   + + .        Z - +5 demon whip "Spellbinder" {antimagic, disrupt, Will+}
rCold   x . .        w - +0 kite shield
rNeg    . . .        J - +2 troll leather armour
rPois   ∞            E - +2 helmet
rElec   .            A - +0 cloak
rCorr   .            P - +2 pair of gloves
SInv    .            (boots unavailable)
Will    +++..        F - amulet of the acrobat
Stlth   ++           b - +5 ring of evasion
HPRegen 1.21/turn    G - ring of willpower

%: acrobat, infuse magic (-8 HP)
@: flying, very slightly contaminated
A: sickness immunity, fire resistance 2, cold vulnerability 1, float, innate
caster, HP casting, extra vitality 1
a: Renounce Religion, Minor Destruction, Lesser Servant of Makhleb, Major
Destruction, Greater Servant of Makhleb


You were on level 3 of the Lair of Beasts.
You worshipped Makhleb.
Makhleb was exalted by your worship.
You visited 5 branches of the dungeon, and saw 24 of its levels.
You also visited: Sewer.

You collected 4330 gold pieces.
You spent 1034 gold pieces at shops.

Inventory:

Hand Weapons
 Z - the +5 demon whip "Spellbinder" (weapon) {antimagic, disrupt, Will+}
   (You acquired it on level 4 of the Lair of Beasts)

   Will+:     It increases your willpower.
Missiles
 d - 14 atropa-tipped darts
 v - 37 boomerangs
Armour
 a - a +0 robe
 n - the +2 cloak of the Demon Prince {rN+++ Will- Str-2 SInv}
   (You bought it in a shop on level 2 of the Orcish Mines)

   Str-2:     It affects your strength (-2).
   rN+++:     It renders you almost immune to negative energy.
   Will-:     It decreases your willpower.
   SInv:      It lets you see invisible.
 w - a +0 kite shield (worn)
 z - +0 steam dragon scales
 A - a +0 cloak (worn)
 E - a +2 helmet (worn)
 J - a +2 troll leather armour (worn)
 P - a +2 pair of gloves (worn)
Magical Staves
 Q - a staff of earth
Jewellery
 b - a +5 ring of evasion (left hand)
 c - a ring of protection from fire
 j - a ring of resist corrosion
 r - a +6 ring of dexterity
 F - an amulet of the acrobat (around neck)
 G - a ring of willpower (right hand)
 X - a ring of positive energy
Wands
 o - a wand of mindburst (28)
 u - a wand of polymorph (5)
 B - a wand of flame (35)
 C - a wand of paralysis (5)
 H - a wand of digging (4)
 O - a wand of quicksilver (17)
 V - a wand of roots (17)
Scrolls
 i - a scroll of vulnerability
 k - 12 scrolls of teleportation
 q - 7 scrolls of identify
 s - 4 scrolls of fear
 y - 5 scrolls of revelation
 D - a scroll of silence
 I - 5 scrolls of summoning
 K - 4 scrolls of poison
 L - 6 scrolls of immolation
 N - 2 scrolls of fog
 S - a scroll of enchant weapon
 T - 3 scrolls of noise
 W - 3 scrolls of blinking
Potions
 e - 11 potions of curing
 f - 8 potions of mutation
 g - 2 potions of heal wounds
 h - 2 potions of ambrosia
 l - 2 potions of degeneration
 m - 2 potions of berserk rage
 p - 2 potions of lignification
 t - 2 potions of resistance
 x - 6 potions of enlightenment
 M - 2 potions of attraction
 R - a potion of cancellation
 U - 4 potions of might
 Y - 3 potions of haste


   Skills:
 + Level 13.6 Fighting
 - Level 12.0 Maces & Flails
 + Level 7.3 Dodging
 - Level 1.5 Stealth
 - Level 12.0 Shields
 * Level 14.8 Spellcasting
 * Level 14.8 Conjurations
 * Level 14.8 Hexes
   Level 0.0 Charms
 * Level 14.8 Summonings
 * Level 14.8 Necromancy
 * Level 14.8 Translocations
   Level 0.0 Transmutations
 * Level 14.8 Fire Magic
 * Level 14.8 Ice Magic
 * Level 14.8 Air Magic
 * Level 14.8 Earth Magic
 * Level 14.8 Alchemy


You knew the following spells:

 Your Spells              Type           Power      Damage    Failure   Level
a - Magic Dart            Conj           100%       1d8       1%          1
b - Searing Ray           Conj           100%       2d8       1%          2
c - Fulminant Prism       Conj/Alch      38%        3d17      1%          4
d - Iskenderun's Mystic   Conj/Tloc      77%        2d15      (+2d81%     4
e - Summon Small Mammal   Summ           100%       N/A       1%          1
f - Ensorcelled Hibernat  Hex/Ice        100%       N/A       1%          2
g - Hailstorm             Conj/Ice       77%        3d13      1%          3
h - Swiftness             Air            77%        N/A       1%          3
i - Summon Forest         Summ/Tloc      38%        N/A       1%          5
j - Silence               Hex/Air        38%        N/A       1%          5
k - Plasma Beam           Fire/Air       38%        2x1d52    5%          6
l - Seismic Cannonade     Alch/Erth      38%        6d13      30%         7
Your spell library was empty.

Dungeon Overview and Level Annotations

Branches:
Dungeon (15/15)            Temple (1/1) D:5            Lair (5/5) D:10
  Swamp (1/4) Lair:3       Spider (0/4) Lair:2        Slime (0/5) Lair:4
    Orc (2/2) D:11            Elf (0/3) Orc:2        Vaults (0/5) D:13
 Depths (0/4) D:15          Sewer (visited)

Altars:
Ashenzari
Cheibriados
Dithmenos
Elyvilon
Fedhas
Gozag
Hepliaklqana
Makhleb
Nemelex Xobeh
Okawaru
Qazlal
Ru
Trog
Uskayaw
Wu Jian
Xom
Yredelemnul
Zin
The Shining One
Beogh

Shops:
D:6 (   D:10 :   Orc:1 [   Orc:2 [[(?

Annotations:
D:4 Edmund
D:12 2 transporters, Sufran's ghost, journeyman DrHu


Innate Abilities, Weirdness & Mutations

You are immune to sickness and miasma.
You are immune to poison.
Your flesh is very heat resistant. (rF++)
You are vulnerable to cold. (rC-)
You float through the air rather than walking.
You learn spells naturally, not from books.
Your magical power is your life essence.
You have superior vitality. (+4 MHP)


Message History

Makhleb accepts your kill.
You feel better.
You are waved at by a branch.
The foxfire hits you. You resist. The foxfire hits you. You resist.
The spriggan druid gestures at you while chanting.
You block the stone arrow.
The will-o-the-wisp gestures.
The will-o-the-wisp conjures some marshlight!
A foxfire comes into view.
Casting: Iskenderun's Mystic Blast (safe; 1% risk of failure)
Confirm with . or Enter, or press ? or * to list all spells.
You can't see any susceptible monsters within range! (Use Z to cast anyway.) Unknown command.
Casting: Plasma Beam (dangerous; 5% risk of failure)
Press: ? - help, Q - select action, (/) - cycle Dir - look around, f - activate The bolt of lightning misses the goliath frog.
A tree reaches out and hits you!
A foxfire comes into view.
The foxfire hits you. You resist.
* * * LOW HITPOINT WARNING * * *
A spriggan comes into view.
It is wielding a +0 short sword of holy wrath.
You take 23 damage, and have 37/127 hp.
The spriggan rider shouts!
The spriggan shouts!
A root smacks you from below!
* * * LOW HITPOINT WARNING * * *
The foxfire hits you! You resist.
* * * LOW HITPOINT WARNING * * *
You block the spriggan druid's attack.
The will-o-the-wisp blinks!
You fly upwards.
Welcome back to the Lair of Beasts!
The forest abruptly stops moving.
There is a staircase to the Swamp here.
You take 19 damage, and have 18/127 hp.
Casting: Plasma Beam (dangerous; 5% risk of failure)
Press: ? - help, Q - select action, (/) - cycle Dir - look around, f - activate You miscast Plasma Beam.
You are very lightly contaminated with residual magic.
You are blasted with searing flames.
You resist.
* * * LOW HITPOINT WARNING * * *
* * * LOW HITPOINT WARNING * * *
A root smacks you from below!
You die...

.......♣♣♣§§§.§§§§♣≈.≈≈♣P########
#.....^#♣§.§~~♣§§§♣...~♣♣#
.......♣♣§§§~~♣♣♣§♣~.~~♣
###..##♣.§♣§≈≈♣♣♣...~~~♣
##..#♣♣.§♣≈≈≈.♣♣§....~♣#######
#....#♣.§§§§§.~♣♣..~~....##[.###
#...##♣♣§§§§§.~~♣♣.♣≈....#.....#
#<.##.#♣..♣§§♣i≈♣♣♣♣♣.♣...#....#
##+.#.#♣♣♣♣♣♣♣♣♣@♣.♣♣♣♣♣#.÷#....#
.......#.♣ ♣♣♣♣♣♣.#♣.♣....+....#
#......'.♣ #..<...###.#...#....#
#......### ##......÷....##.....#
#......# #.....#########.....
..†....# #.....# ##....+ .......#
##....# #.....# ##†...#### #..###
##.'.## ##.##.##.## ##..# ##.##


You could see a spriggan druid.

Vanquished Creatures
  Jorgrun (D:15)
  Frances (D:13)
  An orc warlord (Orc:2)
  Nessos (D:13)
  A bunyip (Lair:3)
  Erolcha (D:13)
  14 hydras
  An ogre mage (D:15)
  An alligator (Lair:3)
  3 boulder beetles
  Erica (D:11)
  2 catoblepae
  4 centaur warriors
  5 death yaks
  5 two-headed ogres
  A tengu warrior (D:14)
  A deep troll earth mage (D:15)
  2 orc high priests (Orc:2)
  A fire crab (Lair:5)
  4 skeletal warriors (D:14)
  A goliath frog (Swamp:1)
  A swamp dragon (Swamp:1)
  An arcanist (D:14)
  Pikel (D:8)
  4 obsidian bats (Orc:2)
  2 lindwurms (Lair:5)
  5 orc knights
  3 deep elf pyromancers
  A necromancer (D:13)
  2 orc sorcerers
  4 cyclopes
  6 ugly things
  Maurice (D:7)
  6 manticores
  8 black mambas
  A meliai (D:13)
  15 elephants
  8 kobold blastminers (Orc:2)
  2 torpor snails (Lair:5)
  13 cane toads
  5 unseen horrors
  An orange demon (Orc:2)
  Jeremiah (D:7)
  5 rime drakes
  2 efreet
  9 komodo dragons
  A freezing wraith (D:15)
  A rime drake (shapeshifter) (D:13)
  2 tengu conjurers
  A troll (shapeshifter) (D:14)
  6 polar bears
  7 hornets
  11 trolls
  3 tyrant leeches
  A tarantella (Lair:2)
  A raiju (Orc:2)
  16 blink frogs
  Sigmund (D:2)
  7 dream sheep (Lair:4)
  3 shadows
  16 spriggans
  9 slime creatures
  50 yaks
  4 wargs
  8 wyverns
  3 wraiths
  10 basilisks
  A fire bat (Orc:2)
  3 steam dragons
  A redback (Lair:2)
  3 vampire mosquitoes (D:11)
  An acid dragon (shapeshifter) (D:13)
  2 acid dragons (D:12)
  2 swamp worms (Lair:3)
  15 water moccasins
  2 hell hounds
  30 orc warriors
  2 sky beasts (D:6)
  2 ice beasts
  8 black bears
  14 ogres
  4 boggarts (Lair:5)
  19 wolves
  13 centaurs
  4 lemures (D:8)
  A phantom (D:5)
  A weeping skull (D:9)
  A kobold brigand (D:8)
  2 brain worms (Sewer)
  14 bullfrogs
  2 gnoll sergeants
  5 wights (D:7)
  5 scorpions
  4 killer bees (D:9)
  3 howler monkeys
  A troll skeleton (D:11)
  5 spriggan skeletons (D:11)
  A bombardier beetle (D:5)
  3 hounds
  24 orc priests
  2 jellies (D:5)
  A sleepcap (D:8)
  2 iguanas
  21 orc wizards
  6 hell rats (D:15)
  8 gnolls
  4 river rats (Sewer)
  13 adders
  A shadow imp (D:7)
  2 white imps
  A dart slug (D:1)
  2 ribbon worms
  78 orcs
  4 endoplasms
  A goblin (D:3)
  2 hobgoblins
  2 jackals (D:1)
  7 kobolds
  5 quokkas
  5 ball pythons
  A bat (D:3)
  7 frilled lizards
  11 rats
  A spectral orc (D:9)
705 creatures vanquished.

Vanquished Creatures (collateral kills)
  Rupert (D:13)
  A boulder beetle (D:12)
  A two-headed ogre (D:9)
  2 death yaks (Lair:3)
  3 elephants
  A komodo dragon (Lair:1)
  A troll (D:9)
  4 yaks (Lair:1)
  An acid dragon (D:9)
  A bullfrog (Lair:3)
  3 killer bees (D:9)
19 creatures vanquished.

Vanquished Creatures (others)
  An orc wizard (D:9)
  6 foxfires (Swamp:1)
  128 fulminant prisms
  A snaplasher vine (Lair:3)
136 creatures vanquished.

Grand Total: 860 creatures vanquished

Notes
Turn   | Place    | Note
-------+----------+-------------------------------------------
     0 | D:1      | jasper the Djinni Conjurer began the quest for the Orb.
     0 | D:1      | jasper set off with the following spells memorised: Magic
                  | Dart, Searing Ray, Fulminant Prism, Iskenderun's Mystic
                  | Blast.
     0 | D:1      | Reached XP level 1. HP: 15/15 MP: 0/0
   247 | D:1      | Reached XP level 2. HP: 19/22 MP: 0/0
   546 | D:1      | Found a shimmering altar of Xom.
  1154 | D:2      | Noticed Sigmund
  1165 | D:2      | Killed Sigmund
  1166 | D:2      | Reached XP level 3. HP: 16/29 MP: 0/0
  1166 | D:2      | Learned a level 1 spell: Summon Small Mammal
  1166 | D:2      | Reached XP level 4. HP: 19/34 MP: 0/0
  1166 | D:2      | Reached XP level 5. HP: 22/39 MP: 0/0
  1166 | D:2      | Learned a level 2 spell: Ensorcelled Hibernation
  1271 | D:2      | Reached XP level 6. HP: 34/45 MP: 0/0
  1742 | D:3      | Found a blossoming altar of Fedhas.
  2020 | D:3      | Found a hide-covered altar of Uskayaw.
  2532 | D:4      | Reached skill level 1 in Shields
  2543 | D:4      | Reached skill level 5 in Spellcasting
  2543 | D:4      | Reached skill level 5 in Conjurations
  2543 | D:4      | Reached skill level 5 in Hexes
  2543 | D:4      | Reached skill level 5 in Summonings
  2543 | D:4      | Reached skill level 5 in Necromancy
  2543 | D:4      | Reached skill level 5 in Translocations
  2543 | D:4      | Reached skill level 5 in Fire Magic
  2543 | D:4      | Reached skill level 5 in Ice Magic
  2543 | D:4      | Reached skill level 5 in Air Magic
  2543 | D:4      | Reached skill level 5 in Earth Magic
  2543 | D:4      | Reached skill level 5 in Alchemy
  2544 | D:4      | Reached XP level 7. HP: 31/50 MP: 0/0
  2544 | D:4      | Learned a level 3 spell: Hailstorm
  2750 | D:4      | Noticed Edmund
  2835 | D:5      | Entered Level 5 of the Dungeon
  3115 | D:5      | Reached XP level 8. HP: 46/58 MP: 0/0
  3179 | D:5      | Found a staircase to the Ecumenical Temple.
  3186 | Temple   | Entered the Ecumenical Temple
  3192 | Temple   | Became a worshipper of Makhleb the Destroyer
  3981 | D:6      | Found a glowing drain.
  3990 | Sewer    | Entered a sewer
  4719 | D:6      | Reached * piety under Makhleb
  4787 | D:6      | Found Weyjeic's Hydra Hut.
  4788 | D:6      | Noticed a four-headed hydra
  4792 | D:6      | Bought a +0 long sword of flaming for 99 gold pieces
  4899 | D:6      | Reached skill level 5 in Fighting
  4969 | D:6      | Reached XP level 9. HP: 51/65 MP: 0/0
  4969 | D:6      | Learned a level 3 spell: Swiftness
  5343 | D:6      | Noticed a two-headed ogre
  5357 | D:6      | Killed a two-headed ogre
  5358 | D:6      | Reached skill level 5 in Shields
  5547 | D:6      | Found a hazy altar of Hepliaklqana.
  6119 | D:7      | Reached ** piety under Makhleb
  6120 | D:7      | Reached XP level 10. HP: 15/73 MP: 0/0
  6360 | D:7      | Noticed Maurice
  6371 | D:7      | Killed Maurice
  6624 | D:7      | Found a roughly hewn altar of Beogh.
  6821 | D:7      | Noticed Jeremiah
  6833 | D:7      | Killed Jeremiah
  7236 | D:8      | You are sucked into a shaft and drop 2 floors!
  7236 | D:10     | Entered Level 10 of the Dungeon
  7289 | D:10     | Killed an unseen horror
  7296 | D:10     | Killed an unseen horror
  7578 | D:10     | Noticed a komodo dragon
  7593 | D:10     | Killed a komodo dragon
  7594 | D:10     | Reached XP level 11. HP: 47/81 MP: 0/0
  7594 | D:10     | Learned a level 5 spell: Summon Forest
  7705 | D:10     | Noticed an elephant
  7712 | D:10     | Killed an elephant
  7795 | D:9      | Noticed a two-headed ogre
  7806 | D:9      | Killed a two-headed ogre
  8408 | D:8      | Reached skill level 10 in Spellcasting
  8408 | D:8      | Reached skill level 10 in Conjurations
  8408 | D:8      | Reached skill level 10 in Hexes
  8408 | D:8      | Reached skill level 10 in Summonings
  8408 | D:8      | Reached skill level 10 in Necromancy
  8408 | D:8      | Reached skill level 10 in Translocations
  8408 | D:8      | Reached skill level 10 in Fire Magic
  8408 | D:8      | Reached skill level 10 in Ice Magic
  8408 | D:8      | Reached skill level 10 in Air Magic
  8408 | D:8      | Reached skill level 10 in Earth Magic
  8408 | D:8      | Reached skill level 10 in Alchemy
  8589 | D:8      | Noticed Pikel
  8605 | D:8      | Killed Pikel
  8694 | D:8      | Found a broken altar of Ashenzari.
  8697 | D:8      | Found a stormy altar of Qazlal.
  8700 | D:8      | Found an opulent altar of Gozag.
  8923 | D:9      | Found a basalt altar of Yredelemnul.
  9018 | D:9      | Reached *** piety under Makhleb
  9467 | D:10     | Found a shadowy altar of Dithmenos.
  9550 | D:10     | Found Hociol's Book Emporium.
  9791 | D:10     | Found a staircase to the Lair.
 10041 | D:11     | Noticed Erica
 10050 | D:11     | Killed Erica
 10053 | D:11     | Identified the +0 barding of a wizard's laboratory {rC+++
                  | Str+4 Int-5 Slay+3}
 10056 | D:11     | Identified the +5 dagger "Fikape Busi" {freeze, rF+ Str+4}
 10196 | D:11     | Found a staircase to the Orcish Mines.
 10266 | D:11     | Reached XP level 12. HP: 64/89 MP: 0/0
 10893 | D:12     | Identified a scroll of acquirement
 10893 | D:12     | Acquired 1348 gold pieces
 11296 | D:12     | Found a transporter.
 11302 | D:12     | Noticed a death knight
 11303 | D:12     | Found a transporter.
 11318 | D:12     | Noticed Sufran's ghost (journeyman DrHu)
 11320 | D:12     | Identified the +3 leather armour of Sousol Zung {rCorr
                  | Str+3 Int-4 SInv}
 11345 | D:12     | Noticed a centaur warrior
 11350 | D:12     | Killed a centaur warrior
 11573 | D:12     | Noticed a boulder beetle
 11624 | D:12     | Killed a boulder beetle
 11625 | D:12     | Reached skill level 10 in Fighting
 11843 | Lair:1   | Entered Level 1 of the Lair of Beasts
 11894 | Lair:1   | Reached **** piety under Makhleb
 12105 | Lair:1   | Reached XP level 13. HP: 97/97 MP: 0/0
 12105 | Lair:1   | Learned a level 5 spell: Silence
 12198 | Lair:1   | Reached skill level 10 in Shields
 13398 | Lair:2   | Found a hole to the Spider Nest.
 13689 | Lair:2   | Reached ***** piety under Makhleb
 14103 | Lair:3   | Noticed a six-headed hydra
 14103 | Lair:3   | Noticed a six-headed hydra
 14112 | Lair:3   | Killed a six-headed hydra
 14114 | Lair:3   | Killed a six-headed hydra
 14258 | Lair:3   | Found a staircase to the Swamp.
 14402 | Lair:3   | Reached XP level 14. HP: 106/106 MP: 0/0
 15187 | Lair:4   | Found a staircase to the Slime Pits.
 15288 | Lair:4   | Acquired the +5 demon whip "Spellbinder" {antimagic,
                  | disrupt, Will+}
 15288 | Lair:4   | Found the +5 demon whip "Spellbinder" {antimagic, disrupt,
                  | Will+}
 15353 | Lair:4   | Reached skill level 1 in Maces & Flails
 15917 | Lair:5   | Entered Level 5 of the Lair of Beasts
 15980 | Lair:4   | Reached skill level 5 in Maces & Flails
 16205 | Lair:5   | Reached ****** piety under Makhleb
 16225 | Lair:5   | Reached XP level 15. HP: 113/113 MP: 0/0
 16225 | Lair:5   | Learned a level 6 spell: Plasma Beam
 17585 | Orc:1    | Entered Level 1 of the Orcish Mines
 17785 | Orc:2    | Entered Level 2 of the Orcish Mines
 17981 | Orc:2    | Reached skill level 10 in Maces & Flails
 18471 | Orc:1    | Found Fiuluan's Antique Armour Emporium.
 18483 | Orc:1    | Bought a glowing helmet for 210 gold pieces
 18781 | Orc:2    | Found a roughly hewn altar of Beogh.
 18793 | Orc:2    | Found a roughly hewn altar of Beogh.
 18795 | Orc:2    | Found Nelyl's Antique Armour Emporium.
 19012 | Orc:2    | Found a roughly hewn altar of Beogh.
 19089 | Orc:2    | Reached XP level 16. HP: 120/120 MP: 0/0
 19175 | Orc:2    | Found Osyiriuts's Antique Weapon Emporium.
 19176 | Orc:2    | Found a roughly hewn altar of Beogh.
 19178 | Orc:2    | Found Touts's Antique Armour Shoppe.
 19195 | Orc:2    | Bought an ancient cloak for 275 gold pieces
 19195 | Orc:2    | Identified the +2 cloak of the Demon Prince {rN+++ Will-
                  | Str-2 SInv} (You bought it in a shop on level 2 of the
                  | Orcish Mines)
 19244 | Orc:2    | Found a shimmering altar of Xom.
 19575 | Orc:2    | Found a roughly hewn altar of Beogh.
 19585 | Orc:2    | Found a staircase to the Elven Halls.
 19674 | Orc:2    | Found a roughly hewn altar of Beogh.
 19681 | Orc:2    | Found Facheiwi's Magic Scroll Boutique.
 19689 | Orc:2    | Bought a scroll of fear for 68 gold pieces
 19689 | Orc:2    | Bought a scroll of fear for 68 gold pieces
 19689 | Orc:2    | Bought a scroll of immolation for 68 gold pieces
 19689 | Orc:2    | Bought a scroll of enchant armour for 127 gold pieces
 19689 | Orc:2    | Bought a scroll of immolation for 68 gold pieces
 19689 | Orc:2    | Bought a scroll of teleportation for 51 gold pieces
 19747 | Orc:2    | Found a roughly hewn altar of Beogh.
 19976 | D:13     | Found a burning altar of Makhleb.
 20055 | D:13     | Found a gate to the Vaults.
 20294 | D:13     | Noticed Frances
 20302 | D:13     | Killed Frances
 20418 | D:13     | Noticed Nessos
 20422 | D:13     | Killed Nessos
 20545 | D:13     | Noticed Erolcha
 20547 | D:13     | Killed Erolcha
 20763 | D:13     | Noticed Rupert
 20772 | D:13     | Killed Rupert
 20992 | D:13     | Acquired 674 gold pieces
 21034 | D:14     | Reached skill level 5 in Dodging
 21654 | D:15     | Entered Level 15 of the Dungeon
 21743 | D:15     | Noticed Jorgrun
 21752 | D:15     | Killed Jorgrun
 22035 | D:15     | Reached XP level 17. HP: 112/127 MP: 0/0
 22035 | D:15     | Learned a level 7 spell: Seismic Cannonade
 22049 | D:15     | Identified the +1 mace of Defence {freeze, *Rage Will+
                  | rCorr Dex+5}
 22202 | D:15     | Found a staircase to the Depths.
 22775 | Swamp:1  | Entered Level 1 of the Swamp
 23076 | Lair:3   | Killed from afar by a spriggan druid

Illustrated notes

Levels and vault maps discovered:
D:1:      dpeg_arrival_lava_altar, layout_basic
D:2:      layout_basic, uniq_sigmund
D:3:      layout_loops_ring, mainiacjoe_overflow_brackets,
          nicolae_overflow_crystal_walls
D:4:      layout_loops_cross, minmay_misc_feat_diagonals,
          small_statue_intersection, minivault_25, hex_large,
          nicolae_figureground_pulse, uniq_grinder, uniq_duvessa, uniq_ijyb,
          uniq_edmund
D:5:      layout_loops_ring, temple_fountains
D:6:      layout_basic, worldfamousw_hep_ancestral_shrine, portal_sewer_entry_d,
          doesnt_shop_hydraphobe
D:7:      layout_basic, minmay_splitting_lines, david_defended_altar_orc,
          uniq_maurice, uniq_jeremiah
D:8:      layout_basic, grunt_temple_overflow_diamond, uniq_pikel
D:9:      layout_cave_pools, yredelemnul_forgotten_temple_becter
D:10:     layout_basic, nicolae_dithmenos_through_a_glass_darkly,
          grunt_lair_entry_orc_guard_hut, serial_shops, shop, minmay_door_square
D:11:     layout_rooms, orc_0_dummy, minmay_misc_feat_alley,
          hangedman_tell_no_tales, uniq_erica
D:12:     layout_basic, gammafunk_ghost_mausoleum
D:13:     minmay_razor_zed, layout_loops_ring, david_vaults_1, bloody_makhleb,
          uniq_erolcha, uniq_frances, uniq_nessos, uniq_rupert
D:14:     layout_cave_pools, dk_noncrumbling_4, grunt_ministairs_14,
          lemuel_nasty_fountain
D:15:     hellmonk_depths_entry_around_the_bend, layout_basic, special_room
          [special_room_mythical_zoo], chequers_mini_garden, uniq_jorgrun
Temple:   eino_narrow_crystal_temple
Lair:1:   layout_gridlike, grunt_megastairs_5
Lair:2:   layout_regular_city, spider_nest_entry_rubble, grunt_megastairs_3
Lair:3:   layout_roguey, palyth_hydra_swamp_entry
Lair:4:   beast_lair_carwin_large_2, layout_long_grid, slime_entry_1
Lair:5:   minmay_lair_end_enchanted_forest, layout_loops_ring,
          grunt_megastairs_4, serial_bayou_shore_b
Swamp:1:  layout_falls_marsh, evilmike_swamp_ruin_rubble_1
Orc:1:    layout_caves, serial_shops, nicolae_square_shop
Orc:2:    grunt_orc_community_town_hall, layout_caves,
          grunt_orc_community_big_house_1, grunt_orc_community_big_house_1,
          grunt_orc_community_house_2, grunt_orc_community_house_2,
          grunt_orc_community_house_2, grunt_orc_community_house_1,
          grunt_orc_community_house_2, grunt_orc_community_house_1,
          regret_index_xom_of_box

Skill      XL: |  1  2  3  4  5  6  7  8  9 10 11 12 13 14 15 16 17 |
---------------+----------------------------------------------------+-----
Fighting       | 2 3 5 6 8 9 10 11 12 13 | 13.6
Dodging        | 3 6 7 |  7.3
Spellcasting   | 4 5 6 8 9 10 11 13 14 | 14.8
Conjurations   | 4 5 6 8 9 10 11 13 14 | 14.8
Hexes          | 4 5 6 8 9 10 11 13 14 | 14.8
Summonings     | 4 5 6 8 9 10 11 13 14 | 14.8
Necromancy     | 4 5 6 8 9 10 11 13 14 | 14.8
Translocations | 4 5 6 8 9 10 11 13 14 | 14.8
Fire Magic     | 4 5 6 8 9 10 11 13 14 | 14.8
Ice Magic      | 4 5 6 8 9 10 11 13 14 | 14.8
Air Magic      | 4 5 6 8 9 10 11 13 14 | 14.8
Earth Magic    | 4 5 6 8 9 10 11 13 14 | 14.8
Alchemy        | 4 5 6 8 9 10 11 13 14 | 14.8
Shields        | 1 2 4 5 7 8 9 11 12 | 12.0
Maces & Flails | 6 11 12 | 12.0
Stealth        | |  1.5

Action                     |  1- 3 |  4- 6 |  7- 9 | 10-12 | 13-15 | 16-18 || total
---------------------------+-------+-------+-------+-------+-------+-------++-------
  Melee: Short sword       |       |     1 |     6 |       |       |       ||     7
         Long sword        |       |       |     8 |    48 |    35 |       ||    91
         Demon whip        |       |       |       |       |   103 |    10 ||   113
   Cast: Magic Dart        |    27 |    41 |    83 |    97 |    53 |       ||   301
         Searing Ray       |     3 |    14 |    46 |    49 |    29 |       ||   141
         Iskenderun's Myst |       |       |     6 |    84 |   196 |    14 ||   300
         Fulminant Prism   |       |       |     8 |    32 |    89 |       ||   129
         Summon Forest     |       |       |       |     4 |     2 |     1 ||     7
         Hailstorm         |       |       |       |     2 |       |       ||     2
         Summon Small Mamm |       |       |       |     1 |       |       ||     1
         Ensorcelled Hiber |       |       |       |     1 |     1 |       ||     2
         Plasma Beam       |       |       |       |       |   153 |   211 ||   364
  Evoke: Wand              |       |       |       |     2 |       |       ||     2
    Use: Scroll            |       |     9 |     9 |     6 |     5 |     5 ||    34
         Potion            |       |       |       |     1 |     1 |     2 ||     4
   Stab: Sleeping          |       |       |       |     3 |       |       ||     3
         Distracted        |       |       |       |       |     1 |       ||     1
 Armour: Robe              |     3 |     5 |    37 |       |       |       ||    45
         Steam dragon scal |       |       |     7 |    34 |       |       ||    41
         Troll leather arm |       |       |       |    64 |   189 |    49 ||   302
  Dodge: Dodged            |     2 |     3 |    29 |   131 |   167 |    38 ||   370
  Block: Buckler           |       |       |    12 |    43 |       |       ||    55
         Kite shield       |       |       |       |    30 |   231 |    39 ||   300

Table legend: (Time is in decaauts)
 A = Elapsed time spent in this place.
 B = Non-inter-level travel time spent in this place.
 C = Inter-level travel time spent in this place.
 D = Time resting spent in this place.
 E = Time spent auto-exploring this place.
 F = Levels seen in this place.
 G = Mean time per level.
                   A        B        C        D        E       F      G
               +--------+--------+--------+--------+--------+-----+--------+
         Total |  23146 |  21672 |   1474 |   1732 |  16304 |  25 |  925.8 |
       Dungeon |  14049 |  13031 |   1018 |    611 |  10517 |  15 |  936.6 |
        Temple |     12 |      7 |      5 |      0 |      0 |   1 |   12.0 |
          Lair |   6088 |   5732 |    356 |    708 |   3815 |   5 | 1217.6 |
         Swamp |     27 |     27 |      0 |      0 |      0 |   1 |   27.0 |
  Orcish Mines |   2263 |   2169 |     94 |    408 |   1356 |   2 | 1131.5 |
         Sewer |    704 |    704 |      0 |      5 |    616 |   1 |  704.0 |
               +--------+--------+--------+--------+--------+-----+--------+

Top non-repeatable levels by time:
  Lair:5: 1479 daAuts
  Lair:3: 1463 daAuts
   Orc:2: 1428 daAuts
     D:6: 1411 daAuts
    D:10: 1324 daAuts
    D:12: 1308 daAuts
  Lair:2: 1228 daAuts
     D:7: 1147 daAuts
    D:13: 1111 daAuts
     D:5: 1102 daAuts
  Lair:4: 962 daAuts
  Lair:1: 956 daAuts
     D:1: 920 daAuts
    D:15: 888 daAuts
     D:9: 852 daAuts
